Map: Miasto szlamu

Players

asmaden - Winner!

  • Race: Terran Terran
  • Spawn Location: 5:00

ИльчЪ - Winner!

  • Race: Terran Terran
  • Spawn Location: 5:00

Gracz

  • Race: Terran Terran
  • Spawn Location: 9:00

RUSSIANIK

  • Race: Zerg Zerg
  • Spawn Location: 11:00

VOD

Have the link to the VOD?

Description

Time

  • Played on: Feb. 23, 2016, 10:27 a.m.
  • Length: 31:36
Show
View Real Time Build Order
Export as new Build Order

asmaden Terran - Winner!

Build Orders:  

Get SALT Encoding   

  12  0:24  Supply Depot  
  12  0:41  SCV  
  13  0:53  SCV  
  14  0:58  Barracks  
  14  1:05  SCV  
  15  1:17  SCV  
  16  1:24  Engineering Bay  
  16  1:29  SCV  
  16  1:31  Refinery  
  17  1:35  Refinery  
  17  1:41  SCV  
  18  1:53  SCV  
  19  1:55  Supply Depot  
  19  1:59  Marine  
  20  2:16  Marine  
  21  2:28  Barracks  
  21  2:34  Marine  
  22  2:41  Missile Turret  
  22  2:52  Marine  
  23  3:10  Marine  
  23  3:11  Missile Turret  
  24  3:24  Factory  
  24  3:29  Barracks Reactor  
  24  3:33  Barracks Reactor  
  24  4:02  Factory  
  24  4:14  Factory Tech Lab  
  24  4:24  Supply Depot  
  24  4:35  Marine  
  24  4:37  Marine x3  
  28  4:53  Marine, Supply Depot  
  28  4:54  Marine  
  28  4:55  Marine  
  28  4:57  Marine  
  23  5:08  Planetary Fortress  
  23  5:11  Marine  
  23  5:12  Marine  
  25  5:14  Marine  
  26  5:29  Marine  
  26  5:30  Marine  
  26  5:32  Marine  
  29  5:49  Armory  
  29  5:50  Marine  
  29  5:53  Siege Tank  
  33  6:17  Factory Tech Lab  
  33  6:23  Supply Depot  
  33  6:25  Siege Tank  
  36  6:57  Siege Tank  
  39  7:08  Command Center  
  39  7:25  Missile Turret  
  36  8:07  Thor  
  36  8:08  Thor  
  48  8:34  Refinery  
  48  8:36  SCV  
  49  8:49  Planetary Fortress  
  49  8:50  Thor  
  55  9:09  Starport  
  55  9:13  Thor  
  61  9:23  Terran Infantry Weapons Level 1  
  61  10:00  Supply Depot  
  61  10:36  Starport Reactor  
  61  10:44  Supply Depot  
  61  10:58  Thor  
  61  10:59  Thor  
  73  11:07  Supply Depot  
  73  11:10  Marine  
  74  11:11  Marine  
  74  11:12  Marine  
  76  11:30  Supply Depot  
  76  11:41  Thor  
  82  11:52  Terran Infantry Weapons Level 2  
  82  12:01  Terran Vehicle Weapons Level 1  
  82  12:15  Viking  
  84  12:42  Thor  
  78  13:55  Terran Vehicle And Ship Armor Level 1  
  78  14:01  Thor  
  84  14:09  Terran Infantry Armor Level 1  
  82  15:02  Thor  
  68  26:26  Command Center  
Show
View Real Time Build Order
Export as new Build Order

ИльчЪ Terran - Winner!

Build Orders:  

Get SALT Encoding   

  12  0:13  Supply Depot  
  12  0:19  Refinery  
  12  0:21  SCV  
  13  0:33  SCV  
  14  0:46  SCV  
  15  0:50  Barracks  
  15  0:55  Refinery  
  15  0:58  SCV  
  16  1:11  SCV  
  17  1:23  SCV  
  18  1:35  SCV  
  18  1:39  Barracks Reactor  
  19  1:47  SCV  
  20  1:59  SCV  
  21  2:13  Command Center  
  21  2:18  Factory  
  21  2:19  SCV  
  21  2:21  Marine  
  23  2:32  Supply Depot  
  23  2:41  Engineering Bay  
  23  2:54  Marine x2  
  25  3:01  Supply Depot  
  25  3:12  Marine x2  
  27  3:16  Missile Turret  
  27  3:27  Refinery  
  27  3:29  Marine x2, Factory Tech Lab  
  29  3:46  Starport  
  29  3:47  Marine  
  30  3:52  Marine  
  31  4:04  Orbital Command  
  31  4:05  Marine  
  32  4:14  Refinery  
  32  4:21  Marine  
  32  4:23  Marine  
  34  4:27  Starport Tech Lab  
  34  4:38  SCV  
  35  4:39  Marine  
  36  4:50  SCV  
  36  4:52  Factory  
  37  4:58  Missile Turret  
  37  5:08  Marine x2  
  33  5:25  Marine  
  33  5:26  Marine  
  35  5:30  SCV  
  36  5:38  SCV  
  37  5:43  Marine, SCV  
  39  5:50  SCV  
  39  5:55  SCV  
  41  5:57  Armory, Terran Infantry Weapons Level 1  
  41  6:02  Supply Depot, SCV  
  42  6:07  SCV  
  43  6:16  Explosive Shrapnel Shells  
  43  6:19  SCV  
  43  6:21  Raven  
  46  6:30  Marine x2  
  46  6:31  SCV  
  49  6:36  Supply Depot  
  49  6:43  SCV  
  49  6:47  Marine, Armory, Terran Vehicle Weapons Level 1  
  50  6:48  Marine  
  52  6:55  SCV  
  53  7:11  SCV  
  54  7:22  Missile Turret  
  54  7:23  SCV  
  55  7:35  SCV  
  56  7:42  Thor  
  62  7:44  Command Center  
  62  7:47  SCV  
  63  7:51  Terran Infantry Armor Level 1  
  63  7:52  Medivac  
  65  7:59  SCV  
  65  8:01  Terran Vehicle And Ship Armor Level 1  
  66  8:09  SCV  
  67  8:17  Marine x2  
  69  8:21  SCV  
  70  8:28  Supply Depot  
  70  8:41  Terran Ship Weapons Level 1  
  70  8:49  Factory, Marine x2, Banshee  
  70  8:50  SCV  
  70  8:51  Factory Tech Lab  
  76  8:56  Thor  
  76  9:02  SCV  
  83  9:04  Missile Turret  
  83  9:06  Orbital Command  
  83  9:07  Marine  
  84  9:25  Missile Turret  
  84  9:26  Thor  
  90  9:32  Viking  
  92  9:38  Supply Depot  
  92  9:44  Factory Tech Lab  
  92  9:54  SCV  
  92  9:57  Refinery  
  92  9:59  Thor  
  93  10:01  Supply Depot  
  93  10:04  Missile Turret  
  93  10:06  SCV  
  100  10:18  SCV  
  101  10:23  Refinery, Thor  
  101  10:24  Supply Depot, Fusion Core  
  107  10:30  SCV  
  108  10:40  Missile Turret  
  108  10:42  SCV  
  109  10:46  Thor  
  115  10:50  Viking  
  117  11:00  Missile Turret  
  117  11:07  Supply Depot  
  117  11:16  Terran Vehicle Weapons Level 2  
  117  11:20  Supply Depot  
  117  11:28  Thor  
  117  11:29  SCV  
  117  11:30  Supply Depot  
  124  11:41  Viking, SCV, Thor  
  124  11:42  Supply Depot  
  133  11:52  Thor  
  133  11:53  SCV  
  140  12:10  SCV  
  140  12:11  Viking, Thor  
  149  12:29  Supply Depot  
  149  12:34  Supply Depot  
  149  12:50  Thor  
  149  12:51  Supply Depot, SCV  
  156  12:55  Viking, Thor  
  156  12:57  Supply Depot  
  164  13:12  Command Center  
  164  13:23  Thor  
  164  13:25  Viking  
  172  13:31  Missile Turret  
  172  13:33  Thor  
  178  13:52  Missile Turret  
  178  13:55  Raven  
  180  14:08  Thor  
  181  14:11  Thor  
  181  14:16  Thor  
  172  14:51  Thor  
  178  14:54  Thor  
  178  14:59  Thor  
  180  15:39  Thor  
  180  15:55  Missile Turret  
  180  16:03  Command Center  
  180  17:03  Thor  
  180  17:09  Thor  
  171  17:28  Refinery  
  171  17:29  Refinery  
  171  17:38  Supply Depot  
  171  17:44  Marine x2  
  173  18:01  Marine  
  173  18:02  Marine, Supply Depot  
  175  18:06  SCV  
  176  18:18  SCV  
  177  18:30  SCV  
  178  18:42  SCV  
  179  18:54  SCV  
  180  19:12  Missile Turret  
  180  19:15  Refinery  
  180  19:16  Orbital Command  
  180  19:17  Refinery  
  180  19:25  Missile Turret  
  180  19:34  Missile Turret  
  180  19:53  SCV  
  181  20:06  SCV  
  182  20:18  SCV  
  183  20:28  Missile Turret  
  183  20:30  SCV  
  183  20:32  Terran Vehicle Weapons Level 3  
  183  20:33  Missile Turret, Terran Vehicle And Ship Armor Level 2  
  184  20:42  SCV, Thor  
  185  20:43  Thor  
  185  20:47  Marine  
  198  21:07  Missile Turret  
  198  21:09  Missile Turret  
  198  21:27  SCV  
  199  21:39  SCV  
  188  23:41  Thor  
  188  23:42  Thor  
  200  25:27  Orbital Command  
  198  28:03  Viking  
Show
View Real Time Build Order
Export as new Build Order

Gracz Terran 

Build Orders:  

Get SALT Encoding   

  12  0:04  SCV  
  13  0:19  Refinery, SCV  
  14  0:30  Supply Depot  
  14  0:32  SCV  
  15  0:52  SCV  
  15  0:55  Supply Depot  
  16  1:00  Barracks  
  16  1:17  Barracks  
  16  1:20  SCV  
  17  1:31  Engineering Bay  
  17  1:51  Factory  
  17  1:52  Barracks Reactor  
  17  2:01  Orbital Command  
  17  2:08  Barracks Reactor  
  17  2:15  Refinery  
  17  2:35  Marine x2  
  19  2:39  Factory Tech Lab  
  19  2:51  Starport  
  19  3:17  Reaper  
  19  3:18  Reaper  
  21  3:31  Starport Tech Lab  
  21  3:51  Banshee  
  22  4:23  Siege Tank  
  25  4:25  Reaper x2  
  27  4:32  Reaper  
  28  4:49  Starport  
  28  5:00  Command Center  
  28  5:21  Cyclone  
  31  5:35  SCV  
  32  5:39  Refinery  
  32  5:46  Refinery  
  32  5:47  SCV  
  33  5:50  Starport Tech Lab  
  33  5:59  SCV  
  34  6:11  SCV  
  35  6:23  SCV x2  
  37  6:35  SCV x2  
  39  6:43  Banshee x2  
  39  6:45  Reaper x2  
  39  6:46  Reaper x2  
  49  6:47  SCV  
  49  6:48  Hellion, SCV  
  53  6:56  Starport  
  53  6:59  SCV  
  54  7:03  Fusion Core  
  54  7:06  SCV  
  55  7:11  SCV  
  55  7:15  Supply Depot  
  56  7:18  SCV  
  57  7:23  SCV  
  58  7:30  SCV  
  58  7:35  SCV  
  60  7:43  Banshee  
  60  7:44  Banshee  
  66  7:45  Starport Tech Lab  
  66  7:47  SCV  
  67  7:59  Supply Depot x2  
  67  8:13  Reaper x2  
  67  8:14  Reaper  
  70  8:20  Reaper  
  70  8:21  Battlecruiser, Supply Depot  
  77  8:27  Supply Depot  
  77  8:33  Supply Depot  
  77  8:38  Siege Tank  
  80  8:45  Reaper x2  
  80  8:46  Reaper  
  83  8:52  Reaper  
  84  9:11  Armory  
  84  9:13  Sensor Tower  
  84  9:25  Orbital Command  
  84  9:27  Missile Turret  
  84  9:33  SCV  
  84  9:37  Advanced Ballistics  
  85  9:44  Weapon Refit  
  85  9:45  SCV  
  86  10:14  Building Armor  
  86  10:27  Behemoth Reactor  
  86  10:41  Battlecruiser  
  92  10:43  Marine x2  
  92  10:44  Marine x2  
  96  10:56  Hyperflight Rotors  
  96  11:01  Marine x3  
  96  11:02  Marine  
  100  11:11  Starport  
  100  11:19  Marine x2  
  100  11:24  Starport  
  102  11:43  Terran Ship Weapons Level 1  
  102  11:52  Hellion  
  104  12:02  Marine  
  104  12:03  Marine x3  
  104  12:04  Infernal Pre-Igniter  
  108  12:14  Hellion  
  110  12:28  Cloaking Field  
  110  12:30  Starport, Starport Tech Lab  
  110  12:35  Hellion  
  112  12:42  Starport Tech Lab  
  112  12:44  Starport  
  112  12:51  Corvid Reactor  
  112  12:57  Hellion  
  114  13:18  Hellbat, Starport Tech Lab  
  116  13:23  Drilling Claws  
  116  13:26  Starport Reactor  
  116  13:38  Terran Vehicle And Ship Armor Level 1  
  116  14:03  Orbital Command  
  43  14:30  Marine x4  
  47  14:41  Medivac  
  49  14:48  Marine x4  
  33  15:05  Marine  
  33  15:06  Marine x2  
  19  15:07  Marine  
  9  15:41  Command Center  
  8  15:54  Supply Depot  
  8  16:25  Supply Depot  
  8  16:52  Supply Depot  
  8  17:03  Barracks  
  7  17:41  Supply Depot  
  7  17:55  Command Center  
  7  18:12  Supply Depot  
  7  18:19  Supply Depot  
  7  18:43  Factory  
  7  18:45  Supply Depot  
  7  19:13  Command Center  
  7  19:27  Factory  
  7  19:32  Factory  
  7  19:48  Marine  
  8  20:13  Factory Tech Lab  
  8  20:14  Factory Tech Lab  
  8  20:16  Factory Tech Lab  
  8  20:24  Armory  
  8  20:30  Supply Depot  
  8  20:35  SCV  
  9  20:47  SCV  
  10  20:59  Supply Depot, SCV  
  11  21:11  SCV  
  12  21:18  Supply Depot  
  12  21:21  Thor  
  12  21:23  Thor  
  12  21:24  Thor  
  30  21:34  Supply Depot  
  30  21:49  Supply Depot  
  17  22:56  Supply Depot  
  9  23:28  Supply Depot  
  9  24:05  Barracks  
  9  24:33  SCV  
  10  24:54  Refinery  
  10  25:12  SCV  
  11  25:35  Factory  
  11  26:24  Factory Tech Lab  
  11  26:30  Armory  
  4  29:28  Command Center  
  4  30:43  SCV  
  4  30:45  Refinery  
  5  30:56  SCV  
  6  31:02  Supply Depot  
Show
View Real Time Build Order
Export as new Build Order

RUSSIANIK Zerg 

Build Orders: Pool First 

Get SALT Encoding   

  12  0:11  Drone x2  
  14  0:18  Overlord  
  14  0:25  Extractor  
  14  0:27  Drone  
  14  0:45  Drone  
  15  0:55  Drone x2  
  15  0:56  Spawning Pool  
  16  1:10  Drone  
  17  1:19  Evolution Chamber  
  16  1:25  Drone  
  16  1:26  Extractor  
  16  1:31  Drone  
  17  1:38  Drone  
  18  1:43  Metabolic Boost  
  18  1:55  Zergling x2  
  18  1:58  Queen  
  18  2:00  Overlord  
  21  2:09  Drone  
  22  2:18  Zerg Melee Weapons Level 1  
  22  2:21  Zergling x2  
  23  2:44  Zergling x4  
  23  2:50  Hatchery  
  24  2:57  Drone  
  25  3:12  Zergling x8  
  29  3:24  Overlord  
  29  3:36  Zergling x2  
  30  3:49  Zergling x2, Overlord  
  30  3:50  Zergling x4  
  34  4:02  Drone  
  34  4:11  Spine Crawler  
  34  4:12  Zerg Missile Weapons Level 1  
  33  4:32  Drone x2  
  35  4:39  Lair  
  35  4:41  Queen  
  25  5:23  Zergling x2  
  25  5:24  Zergling x4  
  28  5:37  Extractor, Drone  
  28  5:44  Zergling x10  
  33  5:53  Drone  
  34  6:10  Zergling x2  
  34  6:11  Zergling x10  
  40  6:26  Hatchery  
  40  6:27  Spire  
  40  6:28  Zerg Melee Weapons Level 2  
  38  6:35  Drone  
  39  6:52  Drone x3  
  42  7:03  Overlord x2  
  42  7:04  Zergling x2  
  43  7:11  Drone x2  
  31  7:42  Corruptor x3  
  38  7:51  Drone x2  
  39  7:59  Mutalisk x3  
  39  8:04  Drone x2  
  47  8:20  Queen  
  47  8:21  Drone x2  
  47  8:22  Drone  
  52  8:28  Drone x2  
  52  8:29  Drone  
  52  8:32  Drone x3  
  58  8:43  Drone  
  58  8:44  Zerg Ground Armor Level 1, Drone  
  60  8:49  Mutalisk x4  
  68  9:05  Zerg Flyer Weapons Level 1  
  68  9:09  Mutalisk  
  68  9:10  Mutalisk x2  
  68  9:15  Overlord x3  
  74  9:29  Overlord x2  
  74  9:36  Spore Crawler  
  73  9:39  Spine Crawler  
  73  9:43  Mutalisk x3  
  78  9:53  Extractor  
  78  9:56  Drone  
  78  9:57  Extractor, Drone x4  
  81  10:07  Extractor  
  80  10:26  Corruptor  
  82  10:37  Drone  
  82  10:38  Zerg Missile Weapons Level 2, Drone x2  
  85  10:47  Queen  
  87  10:50  Hatchery  
  87  10:54  Corruptor x3  
  92  10:58  Drone  
  92  10:59  Zerg Flyer Armor Level 1  
  93  11:09  Spore Crawler  
  92  11:13  Spore Crawler  
  92  11:16  Spine Crawler  
  90  11:22  Queen  
  90  11:23  Drone x3  
  90  11:25  Spine Crawler  
  94  11:28  Drone x2  
  94  11:29  Drone  
  97  11:42  Spine Crawler  
  97  11:44  Spore Crawler  
  95  11:52  Mutalisk x5  
  105  12:14  Queen  
  107  12:15  Drone x2  
  107  12:21  Overlord x3  
  109  12:24  Corruptor x3  
  109  12:29  Mutalisk  
  117  12:36  Extractor  
  116  12:39  Drone  
  116  12:40  Extractor, Drone  
  117  12:53  Zerg Flyer Weapons Level 2  
  115  13:51  Mutalisk x6  
  115  13:52  Mutalisk x3  
  133  14:01  Drone x3  
  136  14:09  Drone  
  138  14:10  Drone x2  
  129  14:40  Mutalisk  
  129  14:41  Mutalisk x4  
  137  14:59  Mutalisk, Drone  
  138  15:00  Mutalisk  
  124  15:30  Spire  
  108  15:51  Mutalisk x2  
  67  16:31  Mutalisk  
  67  16:32  Mutalisk x2  
  71  16:39  Drone x2  
  68  16:40  Drone  
  68  16:59  Mutalisk x2  
  9  18:08  Hatchery  
Tags
 
Add a new tag
Caveats
  • Supply blocks, unpowered buildings, or Contaminate may cause inaccurate times.
  • Supply counts are checked every 10 seconds.